 Dungeon Crawl Stone Soup version 0.28-a0-769-g550dbda0cd (webtiles) character file.

Game seed: 15988205548950417931

14798 rogsnak the Destroyer (level 12, -12/68 HPs)
             Began as a Gargoyle Earth Elementalist on Nov 1, 2021.
             Was a Believer of Sif Muna.
             Shot with an arrow by a centaur warrior (21 damage)
             ... on level 10 of the Dungeon.
             The game lasted 00:31:15 (14931 turns).

rogsnak the Destroyer (GrEE)                       Turns: 14931, Time: 00:31:15

Health: -12/68     AC: 11    Str: 13    XL:     12   Next: 20%
Magic:  14/33      EV: 13    Int: 25    God:    Sif Muna [**....]
Gold:   692        SH:  0    Dex: 10    Spells: 21/28 levels left

rFire   + . .      SeeInvis +   u - +7 mace of the Shining Light {pain, Int+5 SInv}
rCold   + . .      Faith    .   (no shield)
rNeg    + . .      Spirit   .   b - +0 robe
rPois   ∞          Reflect  .   (no helmet)
rElec   +          Harm     .   l - scarf {rC+ rF+}
rCorr   .          Rampage  .   t - +0 pair of gloves
Will    .....                   (no boots)
Stlth   ++........              (no amulet)
HPRegen 0.21/turn               E - ring of magical power
MPRegen 0.23/turn               (no ring)

@: no status effects
A: sickness immunity, AC +8, negative energy resistance 1, electricity
resistance, torment resistance 1, petrification resistance
a: Renounce Religion, Channel Magic


You were on level 10 of the Dungeon.
You worshipped Sif Muna.
Sif Muna was pleased with you.
You visited 2 branches of the dungeon, and saw 11 of its levels.
You also visited: Ossuary.

You collected 692 gold pieces.

Inventory:

Hand Weapons
 a - a +5 dire flail of freezing
 e - a +2 dagger of electrocution
 u - the +7 mace of the Shining Light (weapon) {pain, Int+5 SInv}
   (You found it on level 4 of the Dungeon)

   In the hands of one skilled in necromantic magic, it inflicts extra damage on
   living creatures.
   Int:       It affects your intelligence (+5).
   SInv:      It lets you see invisible.
 N - a +2 dagger of venom
Missiles
 c - 239 stones
 f - 138 sling bullets
 g - 55 bolts
 q - 81 poisoned darts
 y - 3 throwing nets
 Y - 8 curare-tipped darts
Armour
 b - a +0 robe (worn)
 l - a scarf of resistance (worn)
 s - the +1 leather armour "Cicwee" {rCorr}
   (You found it on level 4 of the Dungeon)

   rCorr:     It protects you from acid and corrosion.
 t - a +0 pair of gloves (worn)
 U - a +0 scale mail of fire resistance
 V - a +2 leather armour of positive energy
Jewellery
 w - a ring of see invisible
 E - a ring of magical power (left hand)
 G - a ring of ice
 X - a ring of fire
Wands
 p - a wand of flame (13)
 R - a wand of iceblast (10)
 W - a wand of paralysis (3)
 Z - a wand of acid (5)
Scrolls
 d - a scroll of enchant armour {unknown}
 i - a scroll of brand weapon {unknown}
 j - 5 scrolls of identify
 k - 2 scrolls of acquirement {unknown}
 m - 3 scrolls of amnesia {unknown}
 r - 2 scrolls of fog {unknown}
 C - 2 scrolls of vulnerability {unknown}
 D - 2 scrolls of silence {unknown}
 H - a scroll of enchant weapon {unknown}
 I - a scroll of blinking {unknown}
 J - a scroll of magic mapping {unknown}
 M - 2 scrolls of summoning {unknown}
 O - 3 scrolls of teleportation {unknown}
 Q - a scroll of immolation {unknown}
 S - 5 scrolls of fear {unknown}
Potions
 h - 2 potions of ambrosia {unknown}
 n - 5 potions of might {unknown}
 o - 6 potions of attraction {unknown}
 v - 3 potions of heal wounds {unknown}
 x - 2 potions of brilliance {unknown}
 z - 4 potions of flight {unknown}
 A - 3 potions of resistance {unknown}
 B - a potion of berserk rage {unknown}
 K - a potion of magic {unknown}
 L - a potion of degeneration {unknown}
 P - a potion of haste {unknown}
 T - a potion of mutation {unknown}


   Skills:
 + Level 4.8 Fighting
 + Level 5.2 Dodging
 - Level 2.1 Stealth
 + Level 8.9 Spellcasting
 * Level 13.7 Conjurations
 - Level 0.7 Transmutations
 + Level 0.8 Air Magic
 + Level 10.9 Earth Magic
 - Level 0.2 Poison Magic


You had 21 spell levels left.
You knew the following spells:

 Your Spells              Type           Power      Damage    Failure   Level
a - Sandblast             Erth           100%       2d20      1%          1
b - Stone Arrow           Conj/Erth      100%       3d13      1%          3
c - Mephitic Cloud        Conj/Pois/Air  35%        N/A       2%          3

Your spell library contained the following spells:

 Spells                   Type           Power      Damage    Failure   Level
 Foxfire                  Conj/Fire      100%       2x1d9     1%          1
 Passwall                 Tmut/Erth      33%        N/A       1%          2
 Conjure Flame            Conj/Fire      45%        6-21      1%          3
 Flame Wave               Conj/Fire      45%        3d9       3%          4
 Petrify                  Tmut/Erth      40%        N/A       4%          4
 Apportation              Tloc           22%        N/A       5%          1
 Slow                     Hex            44%        N/A       5%          1
 Ignite Poison            Fire/Tmut/Pois 12%        N/A       14%         3
 Confusing Touch          Hex            11%        N/A       17%         3
 Gell's Gravitas          Tloc           5%         N/A       17%         3
 Inner Flame              Hex/Fire       11%        N/A       17%         3
 Lesser Beckoning         Tloc           11%        N/A       17%         3
 Summon Guardian Golem    Hex/Summ       11%        N/A       17%         3
 Teleport Other           Tloc           11%        N/A       17%         3
 Vampiric Draining        Necr           5%         2d6       17%         3
 Orb of Destruction       Conj           34%        9d12      17%         7
 Freezing Cloud           Conj/Ice/Air   17%        6-21      21%         5
 Alistair's Intoxication  Tmut/Pois      8%         N/A       77%         5
 Spellforged Servitor     Conj/Summ      22%        N/A       95%         7
 Invisibility             Hex            5%         N/A       100%        6


Dungeon Overview and Level Annotations

Branches:
Dungeon (10/15)            Temple (1/1) D:6            Lair (0/6) D:9
Ossuary (visited)
    Orc: D:9-12

Altars:
Ashenzari
Cheibriados
Dithmenos
Elyvilon
Fedhas
Gozag
Hepliaklqana
Kikubaaqudgha
Makhleb
Nemelex Xobeh
Okawaru
Qazlal
Sif Muna
Trog
Uskayaw
Vehumet
Wu Jian
Xom
Yredelemnul
Zin
The Shining One

Shops:
D:6 (

Annotations:
D:10 1 runed translucent door


Innate Abilities, Weirdness & Mutations

You are immune to sickness and miasma.
Your stone body is resilient. (AC +8)
You are immune to poison.
You resist negative energy. (rN+)
You are resistant to electric shocks. (rElec)
You are resistant to unholy torment.
You are immune to petrification.


Message History

The boulder beetle is engulfed in noxious fumes.
The boulder beetle appears confused.
The boulder beetle closely misses you.
Casting: Stone Arrow (safe; 1% risk of failure)
Confirm with . or Enter, or press ? or * to list all spells.
Aiming: Stone Arrow (safe; 1% risk of failure)
Press: ? - help, Shift-Dir - straight line, f/p - boulder beetle
Aim: a boulder beetle (noxious fumes, moderately wounded, confused, 100% to hit)
The stone arrow hits the boulder beetle!!
The boulder beetle is severely wounded.
The boulder beetle is engulfed in noxious fumes.
The boulder beetle bites you.
Unknown command.
Casting: Stone Arrow (safe; 1% risk of failure)
Confirm with . or Enter, or press ? or * to list all spells.
Aiming: Mephitic Cloud (dangerous; 2% risk of failure)
Press: ? - help, Shift-Dir - straight line, f/p - boulder beetle
Aim: a boulder beetle (noxious fumes, severely wounded, confused, chance to affect: 43%)
The ball explodes into a vile cloud!
The stinking cloud engulfs the boulder beetle but does no damage.
The boulder beetle is severely wounded.
The stinking cloud engulfs you but does no damage.
The boulder beetle is engulfed in noxious fumes.
The boulder beetle appears confused.
The boulder beetle seems to be having trouble coordinating all six of its legs.
The boulder beetle bites you!!
Unknown command.
Unknown command.
Casting: Mephitic Cloud (dangerous; 2% risk of failure)
Confirm with . or Enter, or press ? or * to list all spells.
Aiming: Stone Arrow (safe; 1% risk of failure)
Press: ? - help, Shift-Dir - straight line, f/p - boulder beetle
Aim: a boulder beetle (severely wounded, confused, 100% to hit)
The stone arrow hits the boulder beetle.
The boulder beetle is severely wounded.
The boulder beetle bites you!!
* * * LOW HITPOINT WARNING * * *
Unknown command.
The centaur warrior shoots an arrow.
The arrow barely misses you.
The centaur warrior shoots an arrow.
The arrow hits you!!
You die...

######### #...............#
#.......#######...............#
#....).......###.............##
#.......#.○#(###............##
#.......#..#.(#.....##.######
###..##.#†#+#.....####.#
#.#.....#.#....## #.#
##.#....##.##○.[# #.#
##..#....##.##B.@## #.#
.#.##B..###.###...# #.#
........# #.# #...# #.#
.......####.# ##.)#
#.########## #......###.#.#
#..# #.##...##...
......###.###.###)##
#.#......... ......##.##
#.##)c###...........
.#...##.####
#.##...............
...#####...# #####.............


You could see a boulder beetle (confused) and a centaur warrior.

Vanquished Creatures
  2 hydras (D:10)
  Harold (D:7)
  Erolcha (D:10)
  A two-headed ogre (D:8)
  An orc knight (D:10)
  An ugly thing (D:10)
  A cyclops (D:10)
  Joseph (D:7)
  2 komodo dragons (D:9)
  A hornet (D:7)
  6 slime creatures
  3 wraiths
  18 yaks
  3 wyverns
  3 basilisks (D:9)
  2 steam dragons
  2 acid dragons
  2 water moccasins
  3 orc warriors
  A black bear (D:8)
  An ice beast (D:6)
  A sky beast (D:7)
  5 ogres
  3 centaurs
  3 kobold brigands
  2 bullfrogs
  2 wyvern zombies
  2 scorpions (D:4)
  A gnoll sergeant (D:9)
  A water moccasin zombie (D:5)
  A water moccasin skeleton (D:5)
  2 killer bees
  13 wights
  2 howler monkeys
  3 centaur zombies
  2 jellies
  5 hounds
  2 orc priests
  3 iguanas
  Crazy Yiuf (D:4)
  An orc wizard (D:7)
  8 mummies (Ossuary)
  2 howler monkey zombies
  10 gnolls
  10 adders
  2 shadow imps
  2 adder skeletons
  3 worms
  A dart slug (D:2)
  22 orcs
  10 bats
  10 endoplasms
  4 giant cockroaches
  2 gnoll zombies (Ossuary)
  6 hobgoblins
  10 jackals
  15 kobolds
  3 quokkas
  7 ball pythons
  4 frilled lizards
  6 goblins
  3 kobold zombies (Ossuary)
  3 orc zombies (Ossuary)
  8 rats
262 creatures vanquished.

Vanquished Creatures (others)
  2 fungi (D:4)
  8 plants
10 creatures vanquished.

Grand Total: 272 creatures vanquished

Notes
Turn   | Place    | Note
-------+----------+-------------------------------------------
     0 | D:1      | rogsnak the Gargoyle Earth Elementalist began the quest for
                  | the Orb.
     0 | D:1      | Reached XP level 1. HP: 10/10 MP: 3/3
   572 | D:1      | Reached XP level 2. HP: 4/15 MP: 0/5
   956 | D:1      | Found a faded altar of an unknown god.
  1154 | D:1      | Reached XP level 3. HP: 19/19 MP: 6/6
  1162 | D:1      | Learned a level 3 spell: Stone Arrow
  2120 | D:2      | Reached XP level 4. HP: 24/24 MP: 7/7
  2127 | D:2      | Reached skill level 1 in Conjurations
  2247 | D:2      | Reached skill level 5 in Earth Magic
  2872 | D:3      | Reached XP level 5. HP: 17/28 MP: 5/8
  3167 | D:2      | Reached skill level 1 in Fighting
  3590 | D:3      | Reached skill level 2 in Conjurations
  3892 | D:4      | Identified the +1 leather armour "Cicwee" {rCorr}
  3972 | D:4      | Reached XP level 6. HP: 17/35 MP: 10/10
  4527 | D:4      | Found a runed translucent door.
  4528 | D:4      | Noticed Crazy Yiuf
  4529 | D:4      | Identified the +7 mace of the Shining Light {pain, Int+5
                  | SInv}
  4533 | D:4      | Killed Crazy Yiuf
  4611 | D:4      | Reached XP level 7. HP: 36/40 MP: 11/11
  4884 | D:4      | Reached skill level 3 in Conjurations
  5327 | D:5      | Entered Level 5 of the Dungeon
  5948 | D:5      | Reached XP level 8. HP: 41/46 MP: 3/13
  6124 | D:5      | Reached skill level 4 in Conjurations
  7146 | D:6      | Found a sand-covered staircase.
  7162 | Ossuary  | Entered an ossuary
  7853 | D:5      | Reached skill level 5 in Conjurations
  8100 | D:6      | Found Vewilan's Weapon Shoppe.
  8107 | D:6      | Found a staircase to the Ecumenical Temple.
  8122 | Temple   | Entered the Ecumenical Temple
  8155 | Temple   | Learned a level 3 spell: Mephitic Cloud
  8177 | Temple   | Became a worshipper of Sif Muna the Loreminder
  8438 | D:6      | Reached XP level 9. HP: 52/52 MP: 16/16
  8674 | D:6      | Reached skill level 6 in Conjurations
  8774 | D:7      | Reached skill level 5 in Spellcasting
  8931 | D:7      | Noticed a hornet
  8934 | D:7      | Killed a hornet
  9048 | D:7      | Reached skill level 7 in Conjurations
  9139 | D:7      | Noticed Harold
  9146 | D:7      | Killed Harold
  9147 | D:7      | Reached skill level 8 in Conjurations
  9323 | D:7      | Noticed Joseph
  9332 | D:7      | Killed Joseph
  9333 | D:7      | Reached XP level 10. HP: 42/57 MP: 12/19
 10143 | D:6      | Reached skill level 9 in Conjurations
 10337 | D:7      | Reached * piety under Sif Muna
 10438 | D:7      | Reached skill level 5 in Dodging
 10833 | D:8      | Noticed a two-headed ogre
 10840 | D:8      | Killed a two-headed ogre
 10841 | D:8      | Reached skill level 10 in Conjurations
 11311 | D:8      | Reached skill level 11 in Conjurations
 11409 | D:8      | You fall into a shaft and drop 1 floor!
 11420 | D:9      | Reached XP level 11. HP: 62/62 MP: 22/22
 11697 | D:8      | Found a shadowy altar of Dithmenos.
 12319 | D:9      | Reached ** piety under Sif Muna
 12640 | D:9      | Reached skill level 10 in Earth Magic
 12897 | D:9      | Reached skill level 12 in Conjurations
 13028 | D:9      | Found a staircase to the Lair.
 13196 | D:10     | Entered Level 10 of the Dungeon
 13502 | D:10     | Noticed Erolcha
 13531 | D:10     | Killed Erolcha
 13676 | D:10     | Reached skill level 13 in Conjurations
 13931 | D:10     | Found a runed translucent door.
 13931 | D:10     | Noticed a cyclops
 14216 | D:10     | Noticed a centaur warrior
 14367 | D:10     | Noticed a five-headed hydra
 14376 | D:10     | Killed a five-headed hydra
 14381 | D:10     | Reached XP level 12. HP: 44/67 MP: 4/24
 14420 | D:10     | Noticed a four-headed hydra
 14760 | D:10     | Noticed a boulder beetle
 14775 | D:10     | Killed a four-headed hydra
 14931 | D:10     | Shot with an arrow by a centaur warrior

Illustrated notes

Levels and vault maps discovered:
D:1:      dpeg_arrival_chambers_temple_mockup, layout_basic,
          hellmonk_ecumenical_altar_run_dry
D:2:      layout_basic
D:3:      layout_rooms, cheibrodos_gnoll_hut
D:4:      layout_rooms, kennysheep_cluttered_room, uniq_crazy_yiuf_cottage
D:5:      layout_basic, serial_bayou_pond_a
D:6:      layout_loops_corners, minmay_temple_entry_offerings, enter_ossuary_1,
          serial_shops, shop
D:7:      layout_basic, serial_bayou_crossing, uniq_harold, uniq_joseph
D:8:      layout_rooms, grunt_dithmenos_smoke, kennysheep_path_1
D:9:      layout_irregular_city, erik_lair_dragon, grunt_decor_resistance
D:10:     minmay_the_grid_four_pointed_star
          [minmay_the_grid_triangle_9x9_subtriangle,
          minmay_the_grid_triangle_9x9_flanged_cone,
          minmay_the_grid_triangle_9x9_minimal,
          minmay_the_grid_triangle_9x9_warning,
          minmay_the_grid_prize_four_corners], layout_rooms, uniq_erolcha
Temple:   nicolae_temple_the_god_donut

Skill      XL: |  1  2  3  4  5  6  7  8  9 10 11 |
---------------+----------------------------------+-----
Earth Magic    | 4 5 6 7 8 9 10 | 10.9
Dodging        | 2 3 4 5 |  5.2
Conjurations   | 1 2 3 5 8 11 13 | 13.7
Fighting       | 1 2 3 4 |  4.8
Spellcasting   | 3 4 6 7 8 |  8.9
Stealth        | |  2.1
Transmutations | |  0.7
Air Magic      | |  0.8
Poison Magic   | |  0.2

Action                   |  1- 3 |  4- 6 |  7- 9 | 10-12 || total
-------------------------+-------+-------+-------+-------++-------
Melee: Unarmed           |    32 |       |       |       ||    32
       Short sword       |    19 |       |       |       ||    19
       Dagger            |    76 |   174 |       |       ||   250
       Mace              |       |     3 |    90 |    67 ||   160
 Cast: Sandblast         |     7 |     8 |       |       ||    15
       Stone Arrow       |       |     6 |    90 |   194 ||   290
       Mephitic Cloud    |       |       |     2 |    22 ||    24
  Use: Scroll            |       |       |       |     1 ||     1
 Stab: Sleeping          |     5 |     3 |       |     1 ||     9
       Confused          |       |       |       |     1 ||     1
Armor: Robe              |    44 |    58 |    47 |    39 ||   188
Dodge: Dodged            |    82 |    96 |    78 |    71 ||   327

Table legend: (Time is in decaauts)
 A = Elapsed time spent in this place.
 B = Non-inter-level travel time spent in this place.
 C = Inter-level travel time spent in this place.
 D = Time resting spent in this place.
 E = Time spent auto-exploring this place.
 F = Levels seen in this place.
 G = Mean time per level.
                   A        B        C        D        E       F      G
               +--------+--------+--------+--------+--------+-----+--------+
         Total |  15012 |  14710 |    302 |   4251 |   7335 |  12 | 1251.0 |
       Dungeon |  14496 |  14194 |    302 |   4013 |   7247 |  10 | 1449.6 |
        Temple |     81 |     81 |      0 |      0 |      0 |   1 |   81.0 |
       Ossuary |    434 |    434 |      0 |    238 |     88 |   1 |  434.0 |
               +--------+--------+--------+--------+--------+-----+--------+

Top non-repeatable levels by time:
     D:9: 2102 daAuts
     D:5: 1721 daAuts
     D:7: 1621 daAuts
     D:6: 1506 daAuts
     D:1: 1480 daAuts
     D:2: 1356 daAuts
     D:4: 1314 daAuts
    D:10: 1276 daAuts
     D:3: 1191 daAuts
     D:8: 926 daAuts
 Ossuary: 434 daAuts
  Temple: 81 daAuts
